 Dungeon Crawl Stone Soup version 0.26-a0-844-g3dd439832f (webtiles) character file.

Game seed: 433609696295202851

315 miscthings the Conjurer (level 6, -3/41 HPs)
             Began as a Human Conjurer on Nov 18, 2020.
             Hit by a boomerang thrown by an orc warrior (18 damage)
             ... on level 4 of the Dungeon.
             The game lasted 00:08:31 (2522 turns).

miscthings the Conjurer (Human Conjurer)            Turns: 2522, Time: 00:08:32

Health: -3/41      AC:  3    Str:  7    XL:     6   Next: 72%
Magic:  9/9        EV: 12    Int: 20    God:
Gold:   167        SH:  0    Dex: 12    Spells: 2/9 levels left

rFire    . . .     SeeInvis .   h - +2 mace (protect)
rCold    . . .     Faith    .   (no shield)
rNeg     . . .     Spirit   .   a - +0 robe
rPois    .         Reflect  .   (no helmet)
rElec    .         Harm     .   (no cloak)
rCorr    .         Rampage  .   i - +0 pair of gloves
MR       .....                  (no boots)
Stlth    ++........             r - amulet of regeneration
HPRegen  0.53/turn              (no ring)
MPRegen  0.11/turn              (no ring)

@: no status effects
A: no striking features
a: no special abilities


You were on level 4 of the Dungeon.
You visited 1 branch of the dungeon, and saw 4 of its levels.

You collected 167 gold pieces.

Inventory:

Hand Weapons
 h - a +2 mace of protection (weapon)
Armour
 a - a +0 robe (worn)
 i - a +0 pair of gloves (worn)
Jewellery
 p - an uncursed ring of ice
 r - an amulet of regeneration (around neck)
Scrolls
 c - 4 scrolls of remove curse {unknown}
 f - a scroll of fog {unknown}
 g - 3 scrolls of teleportation {unknown}
 j - 4 scrolls of identify {unknown}
 k - 2 scrolls of enchant weapon {unknown}
 l - 2 scrolls of noise {unknown}
 m - a scroll of amnesia {unknown}
 q - a scroll of immolation {unknown}
Potions
 b - 2 potions of resistance {unknown}
 d - 2 potions of ambrosia
 e - 2 potions of curing
 n - a potion of degeneration {unknown}
 o - a potion of attraction {unknown}
 s - a potion of mutation {unknown}
 t - a potion of heal wounds {unknown}


   Skills:
 - Level 2.0 Dodging
 - Level 2.0 Stealth
 - Level 2.0 Spellcasting
 + Level 7.1 Conjurations
 + Level 2.2 Hexes


You had 2 spell levels left.
You knew the following spells:

 Your Spells              Type           Power        Failure   Level
a - Searing Ray           Conj           ####..       1%          2
b - Fulminant Prism       Conj/Hex       ###.......   22%         4
e - Magic Dart            Conj           ####         1%          1

Your spell library contained the following spells:

 Spells                   Type           Power        Failure   Level
 Corona                   Hex            ##.....      6%          1
 Ensorcelled Hibernation  Hex/Ice        #.....       16%         2
 Dazzling Flash           Conj/Hex       ###...       7%          3
 Confusing Touch          Hex            ##......     19%         3
 Tukima's Dance           Hex            ##......     19%         3
 Iskenderun's Mystic Bla  Conj/Tloc      ###.....     36%         4
 Gell's Gravitas          Tloc           #.........   43%         3
 Petrify                  Tmut/Erth      #.......     83%         4
 Metabolic Englaciation   Hex/Ice        #.........   95%         5
 Yara's Violent Unravell  Hex/Tmut       #.........   95%         5


Dungeon Overview and Level Annotations

Branches:
Dungeon (4/15)
 Temple: D:4-7

Altars:
Ashenzari

Annotations:
D:4 Edmund


Message History

The orc warrior throws a boomerang.
The boomerang closely misses you.
The weapon returns to the orc warrior!
The orc throws a stone.
The stone completely misses you.
The orc warrior throws a boomerang.
The boomerang hits you.
The weapon returns to the orc warrior!
The orc throws a stone.
The stone closely misses you.
The orc throws a stone.
The stone hits you.
The orc warrior throws a boomerang.
The boomerang barely misses you.
The weapon returns to the orc warrior!
You feel less invigorated.
You feel less confused.
The orc throws a stone.
The stone hits you.
The orc warrior throws a boomerang.
The boomerang hits you!!
* * * LOW HITPOINT WARNING * * *
The weapon returns to the orc warrior!
The orc warrior throws a boomerang.
The boomerang hits you but does no damage.
The weapon returns to the orc warrior!
It was a potion of curing.
You feel better.
The orc warrior throws a boomerang.
The boomerang hits you!!
You die...

................
................
.........####....
.........####....
.................
.........#####...
.....Z .......(..#
. ..... ..........#
.#. .... .
##...#.(@######....
...# ..
#...#...((.....###
...#...
.....#.............
o...... ...
#....(o....##.
....... ...
#..........#
.......
#.....o....#
..(....
#..........#
.=.....
..........?.#
.......
.............#


You could see an orc warrior and an orc.

Vanquished Creatures
  An ogre (D:4)
  A hound (D:4)
  An iguana (D:4)
  5 gnolls
  6 adders
  An ooze (D:1)
  A worm (D:2)
  3 dart slugs
  A leopard gecko (D:1)
  5 orcs (D:3)
  A ball python (D:2)
  5 bats
  A giant cockroach (D:3)
  5 goblins
  4 hobgoblins
  7 jackals
  3 quokkas (D:2)
  2 frilled lizards (D:1)
  5 kobolds
  8 rats
66 creatures vanquished.

Notes
Turn   | Place    | Note
-------+----------+-------------------------------------------
     0 | D:1      | miscthings the Human Conjurer began the quest for the Orb.
     0 | D:1      | Reached XP level 1. HP: 13/13 MP: 3/3
   182 | D:1      | Reached XP level 2. HP: 19/19 MP: 0/5
   308 | D:1      | Reached XP level 3. HP: 24/24 MP: 1/6
   314 | D:1      | Learned a level 2 spell: Searing Ray
   378 | D:1      | Reached skill level 5 in Conjurations
   820 | D:2      | Reached XP level 4. HP: 30/30 MP: 1/7
  1491 | D:3      | Reached skill level 6 in Conjurations
  1491 | D:3      | Reached XP level 5. HP: 31/35 MP: 4/8
  1779 | D:3      | Found a broken altar of Ashenzari.
  1979 | D:3      | Learned a level 4 spell: Fulminant Prism
  2309 | D:4      | Noticed Edmund
  2309 | D:4      | Noticed an orc warrior
  2398 | D:4      | Reached skill level 1 in Hexes
  2398 | D:4      | Reached XP level 6. HP: 40/41 MP: 3/9
  2456 | D:4      | Noticed an ogre
  2487 | D:4      | Killed an ogre
  2488 | D:4      | Reached skill level 7 in Conjurations
  2522 | D:4      | Hit by a boomerang thrown by an orc warrior

Illustrated notes

Levels and vault maps discovered:
D:1:      minmay_arrival_radiant_lines, layout_loops_ring
D:2:      layout_basic
D:3:      layout_loops_corners, old_standard_altar, hangedman_decor_riveting,
          kennysheep_nondescript
D:4:      layout_basic, nicolae_gozag_seed_capital, serial_shops,
          shop_fountains, uniq_edmund

Skill      XL: |  1  2  3  4  5  6 |
---------------+-------------------+-----
Conjurations   | 5 6 7 |  7.1
Hexes          | 1 2 |  2.2
Dodging        | |  2.0
Stealth        | |  2.0
Spellcasting   | |  2.0

Action                   |  1- 3 |  4- 6 || total
-------------------------+-------+-------++-------
Melee: Mace              |    14 |    67 ||    81
       Whip              |     7 |       ||     7
 Cast: Magic Dart        |    17 |     1 ||    18
       Searing Ray       |    12 |    22 ||    34
  Use: Potion            |       |     2 ||     2
 Stab: Sleeping          |     1 |     3 ||     4
Armor: Robe              |     7 |    28 ||    35
Dodge: Dodged            |    24 |    63 ||    87

Table legend: (Time is in decaauts)
 A = Elapsed time spent in this place.
 B = Non-inter-level travel time spent in this place.
 C = Inter-level travel time spent in this place.
 D = Time resting spent in this place.
 E = Time spent auto-exploring this place.
 F = Levels seen in this place.
 G = Mean time per level.
                   A        B        C        D        E       F      G
               +--------+--------+--------+--------+--------+-----+--------+
         Total |   2554 |   2466 |     88 |    250 |   1695 |   4 |  638.5 |
       Dungeon |   2554 |   2466 |     88 |    250 |   1695 |   4 |  638.5 |
               +--------+--------+--------+--------+--------+-----+--------+

Top non-repeatable levels by time:
     D:3: 1032 daAuts
     D:1: 713 daAuts
     D:2: 670 daAuts
     D:4: 139 daAuts
